AoeStats
← Hector

Pilgrims

509171985Analyzed
4v4 RM · 5d ago on Sep 25, 2026· 49m 40s· 8 players
Game mode
Random Map
Map size
Large (8 player)
Population
200
Speed
Normal
Resources
Standard
Victory
Conquest
Starting age
Dark Age
Ending age
Imperial Age
RankedLock teamsTeams togetherTeam positionsShared explorationLock speedFull tech treeHidden civsTurbo modeCheats
Victory
Defeat
🇦🇹 Danes · Austria
1362
+15
🇩🇪 Koreans · Germany
1310
+17
🇨🇳 Celts · China
1243
+20
🇨🇳 Persians · China
1242
+20
🇨🇳 Chinese · China
1581
-27
🇨🇳 Varangians · China
1358
-19
🇨🇳 Romans · China
1337
-18
🇭🇰 Italians · Hong Kong SAR China
1061
-13
BondTrustee
13:13 Feudal Age
16:59 Double-Bit Axe
22:50 Castle Age
20:36 Loom
21:32 Wheelbarrow
20:48 Fletching
21:11 Gold Mining
24:47 Gold Shaft Mining
24:35 Bow Saw
24:40 Bodkin Arrow
25:34 Clinker Construction
27:27 Medium Warships
27:16 Horse Collar
30:07 Heavy Plow
32:11 Scale Mail Armor
32:22 Forging
32:42 Squires
33:38 Chain Mail Armor
34:28 Iron Casting
37:42 Murder Holes
38:08 Ballistics
42:36 Imperial Age
40:27 Stone Mining
42:18 Masonry
42:19 Fortified Wall
42:51 Hand Cart
43:23 Bracer
44:38 Siege Engineers
47:19 Chemistry
47:28 Elite Fire Lancer
49:43 Plate Mail Armor
48:36 Pikeman
49:17 Squires
50:17 Architecture
50:11 Conscription
张维为
13:08 Feudal Age
11:52 Loom
15:00 Town Watch
26:30 Scale Barding Armor
26:36 Forging
27:16 Double-Bit Axe
43:06 Castle Age
41:52 Fishing Lines
45:59 Town Patrol
47:19 Bow Saw
47:00 Light Cavalry
47:41 Husbandry
48:14 Chain Barding Armor
iiiiice
7:58 Loom
17:37 Feudal Age
27:09 Castle Age
28:27 Double-Bit Axe
41:03 Wheelbarrow
42:07 Gold Mining
46:20 Imperial Age
44:05 Scale Barding Armor
44:37 Bow Saw
45:06 Chain Barding Armor
44:57 Forging
45:37 Bloodlines
45:51 Husbandry
46:07 Cavalier
Hector
5:01 Loom
10:05 Feudal Age
11:53 Double-Bit Axe
14:12 Castle Age
13:17 Forging
15:08 Fletching
15:35 Bow Saw
17:15 Bodkin Arrow
18:49 Horse Collar
18:55 Fishing Lines
19:56 Heavy Plow
25:07 Wheelbarrow
26:37 Town Watch
33:22 Imperial Age
31:51 Gold Mining
32:34 Murder Holes
33:52 Medium Warships
34:25 Iron Casting
34:44 Clinker Construction
34:46 Careening
34:39 Bracer
35:05 Conscription
36:16 Hand Cart
37:03 Blast Furnace
36:09 Siege Engineers
38:38 Chemistry
37:56 Scale Mail Armor
38:19 Squires
38:16 Elite Varangian Guard
39:23 Onager
40:31 Arson
42:49 Northmen's Fury
44:04 Masonry
43:49 Siege Onager
44:19 Siege Onager
45:47 Pikeman
46:46 Chain Mail Armor
49:22 Halberdier
杯杯
6:22 Loom
13:53 Feudal Age
19:25 Castle Age
33:35 Double-Bit Axe
36:54 Wheelbarrow
36:04 Town Watch
41:37 Imperial Age
43:02 Imperial Age
40:41 Scale Barding Armor
42:04 Chain Barding Armor
41:55 Forging
44:35 Conscription
45:18 Plate Barding Armor
45:19 Iron Casting
44:12 Cavalier
45:03 Bloodlines
44:54 Husbandry
46:49 Hand Cart
48:03 Horse Collar
B站星熙社长
5:16 Loom
11:39 Feudal Age
14:42 Man-at-Arms
19:29 Fletching
22:31 Horse Collar
42:17 Town Watch
42:30 Double-Bit Axe
935819598
11:36 Loom
13:50 Feudal Age
18:39 Castle Age
20:11 Fletching
35:05 Double-Bit Axe
38:55 Imperial Age
43:01 Chemistry
43:21 Wheelbarrow
46:34 Chemistry
48:49 Ballistics
49:20 Bodkin Arrow
49:25 Padded Archer Armor
南良千奈
3:37 Loom
12:47 Feudal Age
13:30 Double-Bit Axe
16:24 Castle Age
14:21 Horse Collar
15:19 Gold Mining
17:32 Bow Saw
17:30 Fishing Lines
18:02 Medium Warships
23:19 Imperial Age
23:26 Wheelbarrow
23:25 Clinker Construction
23:28 Careening
24:26 Heavy Warships
23:55 Demolition Ship
28:17 Hand Cart
29:47 Fletching
31:23 Bodkin Arrow
31:35 Caravan
35:05 Bracer
35:22 Stone Mining
35:19 Elite Chu Ko Nu
36:20 Padded Archer Armor
37:58 Chemistry
37:18 Ballistics
38:15 Conscription
39:19 Leather Archer Armor
40:18 Heavy Plow
42:26 Ring Archer Armor
45:45 Stone Shaft Mining
47:45 Town Watch
Connection lost

Rejoining the realm…

Still unreachable

The connection could not be restored.

Session expired

The server has moved on; the page needs a fresh start.